 Dungeon Crawl Stone Soup version 0.28-a0-1117-g0bdd5ba030 (webtiles) character file.

Game seed: 5006614461307495490

3752 fragbeetle the Transmogrifier (level 10, -2/91 HPs)
             Began as a Merfolk Transmuter on Dec 12, 2021.
             Was a Believer of Makhleb.
             Succumbed to a hornet's poison
             ... while paralysed by a hornet
             ... on level 7 of the Dungeon.
             The game lasted 00:36:28 (9415 turns).

fragbeetle the Transmogrifier (Merfolk Transmuter)  Turns: 9415, Time: 00:36:28

Health: -2/91      AC:  7    Str: 13    XL:     10   Next: 15%
Magic:  15/18      EV:  1    Int: 14    God:    Makhleb [**....]
Gold:   162        SH:  0    Dex: 15    Spells: 12/20 levels left

rFire   x . .      SeeInvis .     - Unarmed
rCold   + + +      Faith    .   (shield currently unavailable)
rNeg    . . .      Spirit   .   (armour currently unavailable)
rPois   +          Reflect  .   (helmet currently unavailable)
rElec   .          Harm     .   (cloak currently unavailable)
rCorr   .          Rampage  .   (gloves currently unavailable)
Will    .....                   (boots currently unavailable)
Stlth   +.........              (no amulet)
HPRegen 0.25/turn               u - ring of wizardry
MPRegen 0.16/turn               (no ring)

@: paralysed, lethally poisoned (-2 -> -23), ice-form, slowed, studying
Spellcasting
A: freezing attack, boosted hp, large, (nimble swimmer 2), (mertail)
a: End Transformation, Renounce Religion, Minor Destruction


You were on level 7 of the Dungeon.
You worshipped Makhleb.
Makhleb was pleased with you.
You were a creature of crystalline ice.
You visited 2 branches of the dungeon, and saw 9 of its levels.

You collected 252 gold pieces.
You spent 90 gold pieces at shops.

Inventory:

Hand Weapons
 i - the +5 dagger of Foolhardiness {vorpal, *Slow Fly rF+ SInv}
   (You found it on level 4 of the Dungeon)

   It inflicts extra damage upon your enemies.
   rF:        It protects you from fire.
   SInv:      It lets you see invisible.
   Fly:       It grants you flight.
   *Slow:     It may slow you when you take damage.
Missiles
 h - 175 stones
 y - 3 throwing nets
Armour
 e - a +0 helmet (melded)
 x - a +2 robe of positive energy (melded)
Jewellery
 u - a ring of wizardry (left front paw)
Wands
 j - a wand of polymorph (9)
 n - a wand of paralysis (3)
 p - a wand of iceblast (3)
 r - a wand of flame (12)
Scrolls
 a - a scroll of fear {unknown}
 c - 2 scrolls of identify
 d - a scroll of fog
 f - a scroll of enchant weapon
 g - a scroll of immolation {unknown}
 o - 2 scrolls of acquirement {unknown}
 t - a scroll of amnesia {unknown}
Potions
 b - 2 potions of mutation
 k - a potion of heal wounds
 l - 4 potions of attraction
 m - 3 potions of flight
 q - a potion of magic {unknown}
 s - a potion of brilliance {unknown}
 v - 2 potions of curing
 w - a potion of lignification


   Skills:
 * Level 5.7 Fighting
 + Level 5.7 Dodging
 + Level 7.9 Unarmed Combat
 + Level 5.8 Spellcasting
 * Level 8.5 Transmutations
 + Level 4.6 Ice Magic
 + Level 5.1 Poison Magic
 * Level 3.9 Invocations


You had 12 spell levels left.
You knew the following spells:

 Your Spells              Type           Power      Damage    Failure   Level
a - Beastly Appendage     Tmut           54%        N/A       1%          1
b - Spider Form           Tmut/Pois      23%        N/A       1%          3
c - Ice Form              Ice/Tmut       22%        N/A       4%          4

Your spell library contained the following spells:

 Spells                   Type           Power      Damage    Failure   Level
 Wereblood                Tmut           27%        N/A       1%          2
 Poisonous Vapours        Pois/Air       22%        N/A       3%          2
 Apportation              Tloc           8%         N/A       6%          1
 Corpse Rot               Necr/Air       8%         N/A       10%         2
 Alistair's Intoxication  Tmut/Pois      15%        N/A       11%         5
 Dazzling Flash           Conj/Hex       8%         N/A       19%         3
 Gell's Gravitas          Tloc           4%         N/A       19%         3
 Lesser Beckoning         Tloc           4%         N/A       19%         3
 Teleport Other           Tloc           4%         N/A       19%         3
 Iskenderun's Mystic Bla  Conj/Tloc      4%         2d3       52%         4
 Starburst                Conj/Fire      2%         6d3       100%        6


Dungeon Overview and Level Annotations

Branches:
Dungeon (8/15)             Temple (1/1) D:4
   Lair: D:8-11

Altars:
Ashenzari
Cheibriados
Dithmenos
Elyvilon
Fedhas
Gozag
Hepliaklqana
Kikubaaqudgha
Makhleb
Nemelex Xobeh
Okawaru
Qazlal
Ru
Sif Muna
Trog
Uskayaw
Vehumet
Wu Jian
Xom
Yredelemnul
Zin
The Shining One

Shops:
D:2 :   D:6 !

Annotations:
D:3 Grinder
D:6 1 runed translucent door, Crazy Yiuf
D:7 Menkaure


Innate Abilities, Weirdness & Mutations

You are a creature of crystalline ice.
You have a powerful freezing melee attack.
Your maximum health is increased.
Your armour is entirely melded.
You are incapable of wielding weapons or throwing items.
((You are quick and stealthy near water. (Stealth+, EV+, Speed+++)))
((Your lower body shifts to a powerful aquatic tail in water.))


Message History

The hornet stings you but does no damage.
You can move again.
You feel sick.
The hornet stings you but does no damage.
Casting: Ice Form (dangerous; 4% risk of failure)
Confirm with . or Enter, or press ? or * to list all spells.
You turn into a creature of crystalline ice.
Your +0 helmet melds into your body.
Your +2 robe of positive energy melds into your body.
You feel less protected from negative energy.
You feel sick.
Menkaure murmurs drily.
The hornet misses you.
You pummel the hornet!! You freeze the hornet.
The hornet is severely wounded.
You feel sick. The hornet stings you!
You feel yourself slow down. Menkaure casts a spell at you.
Pain shoots through your body! The hornet stings you.
You feel as though you will be slow longer.
You barely miss the hornet.
The hornet is severely wounded.
You feel sick.
Menkaure calls on the powers of darkness!
The hornet convulses!
Your body is wracked with pain!
The hornet closely misses you.
You hit the hornet. You freeze the hornet.
The hornet is almost dead.
You feel sick. The hornet stings you!
* * * LOW HITPOINT WARNING * * *
You suddenly lose the ability to move!
The hornet stings you!
* * * LOW HITPOINT WARNING * * *
You are more poisoned.
You feel as though you will be slow longer.
You feel sick. The hornet stings you.
* * * LOW HITPOINT WARNING * * *
You are lethally poisoned!
The hornet stings you but does no damage.
Menkaure hits you!
* * * LOW HITPOINT WARNING * * *
You die...

##############
####
#......#.....#
#...
#......'.....#
#...
#......#.M...#
#...
#......#.yY..#
#>..
#......##....#
#...
#......##....#
#...
#>...........#
#...
#............#
#...
+............#
#...
.........#
#...
...##....#
#...
#####....#
#...


You could see a hornet and Menkaure (fast).

Vanquished Creatures
  Harold (D:7)
  Pikel (D:4)
  2 trolls
  A steam dragon (D:8)
  4 black bears
  An orc warrior (D:4)
  A sky beast (D:6)
  An ogre (D:5)
  A centaur (D:6)
  2 lemures (D:4)
  A kobold brigand (D:7)
  Blork the orc (D:6)
  A scorpion (D:7)
  A water moccasin zombie (D:6)
  A water moccasin skeleton (D:5)
  10 wights
  2 howler monkeys
  A centaur zombie (D:6)
  A hound (D:4)
  2 bullfrog skeletons
  A gnoll shaman (D:4)
  A centaur skeleton (D:4)
  Jessica (D:3)
  5 iguanas
  Terence (D:2)
  Ijyb (D:3)
  2 orc wizards
  A killer bee zombie (D:7)
  4 howler monkey skeletons
  5 adders
  A white imp (D:5)
  2 ufetubi (D:5)
  An adder skeleton (D:4)
  4 dart slugs
  15 orcs
  7 bats
  4 endoplasms
  3 giant cockroaches
  7 goblins
  7 hobgoblins
  3 jackals (D:1)
  7 kobolds
  2 quokkas
  8 ball pythons
  7 frilled lizards
  7 rats
143 creatures vanquished.

Notes
Turn   | Place    | Note
-------+----------+-------------------------------------------
     0 | D:1      | fragbeetle the Merfolk Transmuter began the quest for the
                  | Orb.
     0 | D:1      | Reached XP level 1. HP: 15/15 MP: 3/3
    16 | D:1      | Found a faded altar of an unknown god.
   241 | D:1      | Reached XP level 2. HP: 18/21 MP: 3/5
   311 | D:1      | Reached skill level 3 in Transmutations
   893 | D:1      | Reached XP level 3. HP: 26/27 MP: 4/6
  1797 | D:2      | Found Cujum's Book Emporium.
  1865 | D:2      | Learned a level 3 spell: Spider Form
  2250 | D:2      | Reached XP level 4. HP: 31/33 MP: 5/7
  2385 | D:3      | Noticed Terence
  2447 | D:3      | Noticed a black bear
  2494 | D:3      | Noticed Ijyb
  2515 | D:3      | Killed Ijyb
  2516 | D:3      | Reached skill level 4 in Transmutations
  2572 | D:3      | Noticed Jessica
  2764 | D:3      | Noticed Grinder
  2821 | D:4      | Reached skill level 1 in Poison Magic
  2821 | D:4      | Reached XP level 5. HP: 16/38 MP: 8/8
  3123 | D:4      | Found a staircase to the Ecumenical Temple.
  3138 | Temple   | Entered the Ecumenical Temple
  3281 | Temple   | Became a worshipper of Makhleb the Destroyer
  3688 | D:4      | Identified the +5 dagger of Foolhardiness {vorpal, *Slow
                  | Fly rF+ SInv}
  3823 | D:4      | Noticed a black bear
  3835 | D:4      | Killed a black bear
  3836 | D:4      | Reached skill level 5 in Transmutations
  3836 | D:4      | Reached XP level 6. HP: 37/46 MP: 6/10
  3908 | D:4      | Noticed an orc warrior
  3931 | D:4      | Killed an orc warrior
  3939 | D:4      | HP: 1/47 [gnoll shaman (7)]
  4256 | D:4      | Reached XP level 7. HP: 41/52 MP: 8/11
  4311 | D:4      | Learned a level 4 spell: Ice Form
  4552 | D:4      | Noticed Pikel
  4574 | D:4      | Killed Pikel
  4575 | D:4      | Reached skill level 5 in Unarmed Combat
  4575 | D:4      | Reached skill level 6 in Transmutations
  4575 | D:4      | Reached XP level 8. HP: 15/60 MP: 9/13
  5028 | D:5      | Entered Level 5 of the Dungeon
  5121 | D:5      | Reached * piety under Makhleb
  6001 | D:3      | Reached skill level 1 in Invocations
  6097 | D:2      | Killed Terence
  6505 | D:3      | Killed Jessica
  6512 | D:3      | Found a shimmering blue altar of Sif Muna.
  6848 | D:6      | Reached skill level 7 in Transmutations
  6980 | D:6      | Found a runed translucent door.
  6981 | D:6      | Noticed Crazy Yiuf
  7069 | D:6      | Found Yngomisk's Distillery.
  7072 | D:6      | Bought a potion of attraction for 30 gold pieces
  7072 | D:6      | Bought a potion of lignification for 30 gold pieces
  7072 | D:6      | Bought a potion of curing for 30 gold pieces
  7112 | D:6      | Noticed a troll
  7132 | D:6      | Reached XP level 9. HP: 31/66 MP: 16/16
  7335 | D:6      | Reached skill level 5 in Dodging
  8027 | D:6      | Noticed Blork the orc
  8052 | D:6      | Reached skill level 5 in Spellcasting
  8059 | D:6      | Killed Blork the orc
  8064 | D:6      | Reached ** piety under Makhleb
  8283 | D:6      | Reached skill level 5 in Fighting
  8401 | D:6      | Killed a troll
  8640 | D:7      | Noticed a troll
  8644 | D:7      | You fall into a shaft and drop 1 floor!
  8901 | D:7      | Noticed Harold
  8917 | D:7      | Killed Harold
  8918 | D:7      | Reached skill level 8 in Transmutations
  8918 | D:7      | Reached skill level 5 in Poison Magic
  8918 | D:7      | Reached XP level 10. HP: 51/75 MP: 15/18
  9404 | D:7      | Noticed Menkaure
  9407 | D:7      | Paralysed by a hornet for 2 turns
  9413 | D:7      | Paralysed by a hornet for 3 turns
  9414 | D:7      | HP: 3/91 [Menkaure (11)]
  9415 | D:7      | Succumbed to a hornet's poison

Illustrated notes

Levels and vault maps discovered:
D:1:      lightli_arrival_lavapool, layout_basic, serial_co_window_serial,
          co_window_of_opportunity_a, co_window_of_opportunity_a,
          co_window_paths_a, co_window_paths_a, co_window_paths_a,
          co_window_cross_1, co_window_paths_b, co_window_cross_1,
          co_window_of_opportunity_a, co_window_2corner, co_window_corner_cb,
          co_window_corner_b, hellmonk_ecumenical_altar_crossroads,
          serial_park_tiny_pond
D:2:      layout_basic, serial_curves, eino_curves_01, eino_curves_02,
          serial_shops, shop
D:3:      layout_loops_ring, tgw_sif, hangedman_abyss_or_decor_lesser_grid,
          uniq_ijyb, uniq_terence, uniq_grinder
D:4:      layout_gridville, minmay_temple_entry_mini_moons, minmay_manual_maat,
          uniq_pikel
D:5:      layout_basic
D:6:      layout_cave_pods, serial_shops, nicolae_shop_behind_doors,
          feat_on_display, uniq_crazy_yiuf_cottage, uniq_blork_the_orc
D:7:      layout_gridville, uniq_menkaure, uniq_harold
D:8:      layout_loops_ring, serial_shops, shop, uniq_psyche
Temple:   mainiacjoe_temple_circle_huts

Skill      XL: |  1  2  3  4  5  6  7  8  9 |
---------------+----------------------------+-----
Transmutations | 3 4 5 6 7 8 |  8.5
Dodging        | 3 4 5 |  5.7
Fighting       | 2 3 4 5 |  5.7
Unarmed Combat | 4 5 6 7 |  7.9
Poison Magic   | 1 2 3 5 |  5.1
Spellcasting   | 3 4 5 |  5.8
Ice Magic      | 2 3 4 |  4.6
Invocations    | 2 3 |  3.9

Action                   |  1- 3 |  4- 6 |  7- 9 | 10-12 || total
-------------------------+-------+-------+-------+-------++-------
Melee: Unarmed           |   147 |    91 |   263 |    25 ||   526
       Headbutt          |    19 |    10 |    15 |       ||    44
       Punch             |     4 |     1 |     2 |       ||     7
 Cast: Beastly Appendage |    36 |    12 |    14 |       ||    62
       Spider Form       |       |     7 |    22 |       ||    29
       Ice Form          |       |       |    14 |     3 ||    17
  Use: Scroll            |       |       |     5 |       ||     5
       Potion            |       |       |       |     1 ||     1
 Stab: Sleeping          |       |       |     1 |       ||     1
Armor: Robe              |    37 |     4 |     7 |     2 ||    50
       Skin              |       |     1 |    18 |    18 ||    37
Dodge: Dodged            |   106 |    53 |   160 |    15 ||   334

Table legend: (Time is in decaauts)
 A = Elapsed time spent in this place.
 B = Non-inter-level travel time spent in this place.
 C = Inter-level travel time spent in this place.
 D = Time resting spent in this place.
 E = Time spent auto-exploring this place.
 F = Levels seen in this place.
 G = Mean time per level.
                   A        B        C        D        E       F      G
               +--------+--------+--------+--------+--------+-----+--------+
         Total |   9344 |   8999 |    345 |   2771 |   1771 |   9 | 1038.2 |
       Dungeon |   8707 |   8362 |    345 |   2501 |   1472 |   8 | 1088.4 |
        Temple |    637 |    637 |      0 |    270 |    299 |   1 |  637.0 |
               +--------+--------+--------+--------+--------+-----+--------+

Top non-repeatable levels by time:
     D:1: 1779 daAuts
     D:4: 1668 daAuts
     D:5: 1456 daAuts
     D:6: 1349 daAuts
     D:3: 947 daAuts
     D:7: 811 daAuts
     D:2: 679 daAuts
  Temple: 637 daAuts
     D:8: 15 daAuts
